AoeStats
← Purpose

Arena

508962696Analyzed
4v4 RM · 8d ago on Sep 24, 2026· 43m 0s· 8 players
Game mode
Random Map
Map size
Large (8 player)
Population
200
Speed
Normal
Resources
Standard
Victory
Conquest
Starting age
Dark Age
Ending age
Imperial Age
RankedLock teamsTeams togetherTeam positionsShared explorationLock speedFull tech treeHidden civsTurbo modeCheats
Victory
Defeat
🇧🇦 Varangians · Bosnia & Herzegovina
1228
+17
🇧🇦 Saxons · Bosnia & Herzegovina
1228
+17
🇬🇷 Huns · Greece
1213
+17
🇹🇷 Britons · Türkiye
1177
+19
🇨🇴 Aztecs · Colombia
1307
-21
🇦🇷 Turks · Argentina
1263
-18
🇦🇷 Magyars · Argentina
1208
-16
🇲🇽 Persians · Mexico
1194
-15
byBELMO!
11:45 Feudal Age
15:19 Castle Age
13:16 Double-Bit Axe
13:31 Horse Collar
14:07 Loom
16:57 Bow Saw
23:41 Imperial Age
38:31 Wheelbarrow
39:51 Fletching
42:12 Two-Man Saw
Suke
11:49 Feudal Age
15:21 Castle Age
13:07 Horse Collar
13:59 Double-Bit Axe
22:41 Wheelbarrow
23:56 Scale Barding Armor
25:37 Bloodlines
25:49 Chain Barding Armor
26:09 Gold Mining
27:52 Forging
31:50 Imperial Age
28:44 Vendel Legacy
30:13 Iron Casting
30:27 Husbandry
32:46 Bow Saw
31:59 Cavalier
33:38 Plate Barding Armor
35:03 Blast Furnace
36:59 Conscription
37:58 Coinage
37:23 Town Watch
37:53 Hand Cart
37:23 Loom
Purpose
0:53 Loom
9:39 Feudal Age
14:23 Castle Age
13:30 Double-Bit Axe
16:41 Stone Mining
18:22 Town Watch
23:45 Loom
37:02 Imperial Age
35:39 Fletching
35:51 Padded Archer Armor
35:38 Crossbowman
39:04 Ballistics
41:04 Chemistry
40:07 Bodkin Arrow
40:28 Arbalester
43:15 Bracer
boo
10:46 Feudal Age
14:33 Castle Age
15:19 Double-Bit Axe
15:16 Horse Collar
17:27 Bow Saw
23:58 Wheelbarrow
24:07 Marauders
24:14 Gold Mining
25:07 Husbandry
25:21 Scale Barding Armor
26:13 Bloodlines
26:08 Scale Mail Armor
26:49 Forging
28:55 Chain Barding Armor
30:02 Chain Mail Armor
32:59 Imperial Age
31:49 Hand Cart
32:56 Iron Casting
33:23 Gold Shaft Mining
33:06 Elite Tarkan
34:07 Conscription
35:10 Elite Skirmisher
35:58 Thumb Ring
37:02 Plate Barding Armor
37:28 Blast Furnace
36:37 Loom
39:23 Padded Archer Armor
39:13 Fletching
41:39 Leather Archer Armor
41:22 Bodkin Arrow
gerardovalher
10:51 Feudal Age
11:53 Double-Bit Axe
12:46 Loom
15:13 Castle Age
13:56 Horse Collar
15:48 Forging
21:16 Scale Mail Armor
22:53 Town Watch
25:30 Iron Casting
26:25 Stone Mining
26:25 Gold Mining
27:24 Wheelbarrow
26:51 Heavy Plow
28:04 Scale Barding Armor
28:33 Pikeman
29:13 Squires
31:07 Chain Barding Armor
35:24 Imperial Age
35:08 Heavy Camel Rider
35:59 Bloodlines
35:49 Husbandry
36:20 Conscription
37:35 Blast Furnace
37:41 Bow Saw
JAGR fran
9:57 Feudal Age
14:45 Castle Age
17:06 Double-Bit Axe
18:00 Bow Saw
18:36 Horse Collar
19:50 Heavy Plow
21:06 Pikeman
24:56 Wheelbarrow
24:32 Loom
26:40 Gold Mining
30:55 Imperial Age
28:11 Town Watch
28:27 Scale Mail Armor
30:16 Chain Mail Armor
30:43 Fletching
31:16 Husbandry
31:26 Bloodlines
31:06 Cavalier
31:54 Scale Barding Armor
31:44 Bodkin Arrow
31:46 Arson
31:57 Stone Mining
33:07 Gold Shaft Mining
33:15 Bracer
33:35 Chain Barding Armor
35:35 Plate Barding Armor
36:03 Halberdier
JAGR | GastonWick
10:11 Feudal Age
11:14 Loom
14:09 Castle Age
14:34 Double-Bit Axe
19:10 Fletching
19:47 Bodkin Arrow
20:06 Gold Mining
20:38 Horse Collar
26:24 Padded Archer Armor
28:22 Wheelbarrow
33:06 Imperial Age
31:40 Leather Archer Armor
32:05 Heavy Plow
37:24 Ring Archer Armor
JAGR | juankof
10:19 Feudal Age
14:26 Castle Age
12:56 Gold Mining
16:05 Redemption
16:35 Fervor
16:57 Sanctity
17:20 Loom
31:21 Stone Mining
32:10 Wheelbarrow
31:43 Horse Collar
31:58 Double-Bit Axe
37:02 Imperial Age
35:19 Gold Shaft Mining
35:19 Stone Shaft Mining
36:12 Hand Cart
36:49 Forging
36:45 Scale Mail Armor
37:07 Pikeman
38:23 Iron Casting
38:10 Garland Wars
37:33 Eagle Warrior
38:30 Chain Mail Armor
39:26 Heavy Plow
Connection lost

Rejoining the realm…

Still unreachable

The connection could not be restored.

Session expired

The server has moved on; the page needs a fresh start.